 Dungeon Crawl Stone Soup version 0.30-a0-422-g946f4849ff (webtiles) character file.

Game seed: 7281530873686967020

51102 Pooter the Severer (level 14, -7/114 HPs)
             Began as a Minotaur Monk on Dec 9, 2022.
             Was the Champion of Hepliaklqana.
             Mangled by a cane toad (18 damage)
             ... on level 4 of the Lair of Beasts.
             The game lasted 02:03:21 (18821 turns).

Pooter the Severer (Minotaur Monk)                 Turns: 18821, Time: 02:03:21

Health: -7/114     AC: 17    Str: 26    XL:     14   Next: 22%
Magic:  20/20      EV:  8    Int:  5    God:    Hepliaklqana [******]
Gold:   623        SH:  5    Dex: 14    Spells: 13/13 levels left

rFire   + + +      SeeInvis +    G - +2 battleaxe (venom)
rCold   . . .      Faith    .    (shield currently unavailable)
rNeg    + . .      Spirit   .    T - +1 plate armour
rPois   .          Reflect  +    K - +0 hat
rElec   .          Harm     .    B - scarf {repulsion}
rCorr   .          Rampage  .    g - +0 pair of gloves
Will    +....                    x - +0 pair of boots of Grace {rF+++ Regen+ Int-2 SInv}
Stlth   ..........               V - amulet "Wiuzuelel" {Reflect rN+ SH+5}
HPRegen 1.19/turn                X - +4 ring of protection
MPRegen 0.17/turn                W - +6 ring of strength

@: repel missiles
A: reduced essence, horns 2, retaliatory headbutt
a: Renounce Religion, Recall Ancestor, Ancestor Identity, Transference, Idealise


You were on level 4 of the Lair of Beasts.
You worshipped Hepliaklqana.
Hepliaklqana was exalted by your worship.
You visited 3 branches of the dungeon, and saw 17 of its levels.
You also visited: Bailey and Gauntlet.

You collected 1523 gold pieces.
You spent 900 gold pieces at shops.

Inventory:

Hand Weapons
 a - the +9 broad axe of Chaos {speed, rN++ Int-2}
   (You found it in a Gauntlet)

   Attacks with this weapon are significantly faster.
   Int:       It affects your intelligence (-2).
   rN:        It greatly protects you from negative energy.
 b - a +2 arbalest of freezing
   (You took it off an orc warrior on level 10 of the Dungeon)
 n - a +1 halberd
   (You took it off a wight on level 8 of the Dungeon)
 o - a +5 morningstar of freezing
   (You took it off a wight on level 9 of the Dungeon)
 A - a +0 broad axe
   (You took it off an orc knight in a bailey)
 G - a +2 battleaxe of venom (weapon)
   (You found it on level 10 of the Dungeon)
 N - the +12 war axe of Wyaselokh {elec, rC+ Int+5}
   (You found it on level 10 of the Dungeon)

   It occasionally discharges a powerful burst of electricity upon striking a
   foe.
   Int:       It affects your intelligence (+5).
   rC:        It protects you from cold.
 P - a +1 battleaxe of flaming
   (You found it on level 4 of the Dungeon)
Missiles
 k - 6 throwing nets {!f}
 q - 11 boomerangs
 y - 5 javelins
 O - 38 poisoned darts (quivered)
 R - a silver boomerang
Armour
 g - a +0 pair of gloves (worn)
   (You found it on level 1 of the Dungeon)
 m - a scarf of invisibility
   (You found it on level 5 of the Dungeon)
 x - the +0 pair of boots of Grace (worn) {rF+++ Regen+ Int-2 SInv}
   (You bought it in a shop on level 2 of the Orcish Mines)

   Int:       It affects your intelligence (-2).
   rF:        It renders you almost immune to fire.
   SInv:      It lets you see invisible.
   Regen:     It increases your rate of health regeneration.
 B - a scarf of repulsion (worn)
   (You found it in a bailey)
 K - a +0 hat (worn)
   (You took it off Gastronok on level 1 of the Lair of Beasts)
 T - a +1 plate armour (worn)
   (You took it off an orc warrior in a bailey)
Jewellery
 l - an amulet of magic regeneration
   (You found it on level 2 of the Dungeon)
 F - the ring of Ijuusoakh {rF+ rC+ Dex-3 SInv}
   (You found it in a Gauntlet)

   [ring of protection from cold]

   Dex:       It affects your dexterity (-3).
   rF:        It protects you from fire.
   rC:        It protects you from cold.
   SInv:      It lets you see invisible.
 M - a ring of magical power
   (You found it on level 10 of the Dungeon)
 S - a ring of see invisible
   (You found it in a Gauntlet)
 V - the amulet "Wiuzuelel" (around neck) {Reflect rN+ SH+5}
   (You acquired it in a bailey)

   [amulet of reflection]

   It reflects blocked missile attacks.
   rN:        It protects you from negative energy.
   SH:        It affects your SH (+5).
 W - a +6 ring of strength (right hand)
   (You found it in a Gauntlet)
 X - a +4 ring of protection (left hand)
   (You found it on level 5 of the Dungeon)
Wands
 d - a wand of iceblast (6)
   (You took it off Ijyb on level 4 of the Dungeon)
 f - a wand of flame (37)
   (You found it on level 8 of the Dungeon)
 r - a wand of mindburst (1)
   (You found it on level 7 of the Dungeon)
 u - a wand of paralysis (8)
   (You took it off an orc on level 5 of the Dungeon)
 D - a wand of digging (6)
   (You found it in a Gauntlet)
Scrolls
 p - 2 scrolls of silence
 t - 8 scrolls of teleportation {@r4}
 v - 2 scrolls of noise {!r}
 C - 2 scrolls of magic mapping
 L - a scroll of vulnerability {!r}
 U - a scroll of summoning {unknown}
Potions
 c - a potion of ambrosia
 e - 5 potions of cancellation
 h - 3 potions of mutation {!q}
 j - 6 potions of curing {@q1}
 s - 4 potions of flight
 w - 4 potions of brilliance
 z - a potion of might {unknown}
 E - 2 potions of resistance
 H - 2 potions of magic
 J - 2 potions of heal wounds {@q2}
 Y - 3 potions of lignification {!q}
 Z - a potion of experience {unknown}


   Skills:
 + Level 12.5 Fighting
 * Level 16.2(16.5) Axes
 - Level 5.0(11.7) Polearms
 * Level 13.7 Ranged Weapons
 - Level 3.2 Dodging
 - Level 2.3 Stealth
 + Level 9.5 Invocations
 + Level 8.8 Evocations


You had 13 spell levels left.
You didn't know any spells.
Your spell library contained the following spells:

 Spells                   Type           Power      Damage    Failure   Level
 Beastly Appendage        Tmut           0%         N/A       100%        1
 Necrotise                Necr           0%         1d4       100%        1
 Cigotuvi's Dreadful Rot  Necr/Pois/Air  0%         N/A       100%        2
 Ensorcelled Hibernation  Hex/Ice        0%         N/A       100%        2
 Passwall                 Tmut/Erth      0%         N/A       100%        2
 Wereblood                Tmut           0%         N/A       100%        2
 Frozen Ramparts          Ice            0%         1d1       100%        3
 Inner Flame              Hex/Fire       0%         N/A       100%        3
 Lesser Beckoning         Tloc           0%         N/A       100%        3
 Spider Form              Tmut/Pois      0%         N/A       100%        3
 Swiftness                Air            0%         N/A       100%        3
 Vampiric Draining        Necr           0%         2d6       100%        3
 Cause Fear               Hex            0%         N/A       100%        4
 Dispel Undead            Necr           0%         3d6       100%        4
 Ice Form                 Ice/Tmut       0%         N/A       100%        4
 Manifold Assault         Tloc           0%         N/A       100%        4
 Passage of Golubria      Tloc           0%         N/A       100%        4
 Summon Ice Beast         Ice/Summ       0%         N/A       100%        4
 Agony                    Necr           0%         N/A       100%        5
 Death Channel            Necr           0%         N/A       100%        6
 Discord                  Hex            0%         N/A       100%        8


Dungeon Overview and Level Annotations

Branches:
Dungeon (11/15)            Temple (0/1) D:4            Lair (4/5) D:8
 Shoals (0/4) Lair:2       Spider (0/4) Lair:2        Slime (0/5) Lair:4
    Orc (2/2) D:10            Elf (0/3) Orc:2        Bailey (visited)
Gauntlet (visited)

Altars:
Elyvilon
Fedhas
Hepliaklqana
Kikubaaqudgha
Nemelex Xobeh
Qazlal
Ru
Vehumet
Zin

Shops:
Orc:1 ?   Orc:2 [:[!

Annotations:
D:11 2 transporters, Alacron's ghost, novice MiBe


Innate Abilities, Weirdness & Mutations

Your life essence is reduced to manifest your ancestor. (-10% HP)
You have a pair of horns on your head.
You reflexively headbutt those who attack you in melee.


Message History

Your butterfly disappears in a burst of colours!
The steam dragon breathes steam at you. The ball of steam misses you.
The killer bee barely misses your butterfly.
The killer bee stings you but does no damage.
The cane toad closely misses your butterfly.
You hit the steam dragon.
You kill the steam dragon!
The steam dragon scales are intact enough to wear.
You miss the killer bee.
Bozena emerges from the mists of memory!
You feel sick.
The killer bee stings you but does no damage.
The killer bee stings Bozena!
The killer bee stings you but does no damage.
The killer bee stings Bozena!
The water moccasin barely misses your butterfly.
You closely miss the killer bee. Your headbutt misses the killer bee.
You feel sick. The killer bee barely misses you.
The killer bee stings Bozena.
The cane toad stings your butterfly.
Your butterfly dies!
Your butterfly disappears in a burst of colours!
The killer bee barely misses Bozena.
The killer bee barely misses you.
Unknown command.
You slice the water moccasin!! You slice the killer bee!!
You kill the killer bee!
You feel sick.
The killer bee stings Bozena but does no damage.
The cane toad stings your butterfly!!
Your butterfly dies!
Your butterfly disappears in a burst of colours!
Bozena hits the killer bee with a +0 quarterstaff!!
The killer bee dies!
The water moccasin closely misses you. You furiously retaliate!
You headbutt the water moccasin!
You kill the water moccasin!
You feel sick.
You are no longer poisoned.
The cane toad stings your butterfly.
Your butterfly dies!
Your butterfly disappears in a burst of colours!
You see here a killer bee corpse.
You swap places.
Bozena hits the elephant with a +0 quarterstaff!!
The cane toad stings you but does no damage.
You barely miss the cane toad. Your headbutt misses the cane toad.
You hit the elephant.
The elephant is poisoned.
The elephant tramples you.
* * * LOW HITPOINT WARNING * * *
You stumble backwards!
The cane toad stings you!!
You die...

...#.#..#..##..#.#.
#. .##.#.##..##.#.#
# . #..#$## ## .#
.###†..#.# .
##[....#.
##.Rb..#.#.
#.b.bb....##
##.Yb.bb.....
#.@F...b.....
#..bbbb##..##.
#...b.b#.b##..
.......#?##..##
#.......#.# #
#......b.#.
.......... #.
..........# #.


You could see the friendly Bozena the battlemage, an elephant (very poisoned,
ally target) and a cane toad (ally target).

Vanquished Creatures
  Gastronok (Lair:1)
  A minotaur (Gauntlet)
  Harold (D:10)
  3 hydras (Lair:3)
  An ogre mage (Orc:2)
  A two-headed ogre (D:11)
  8 death yaks
  2 lindwurms
  An ugly thing (D:11)
  4 orc sorcerers
  3 elephants (Lair:2)
  Joseph (D:8)
  A cane toad (Lair:2)
  A gargoyle (D:10)
  A black mamba (Lair:4)
  2 kobold demonologists
  2 rime drakes
  A minotaur zombie (Gauntlet)
  8 komodo dragons
  2 trolls
  A queen bee (D:8)
  A hornet (D:5)
  2 meliai (Lair:4)
  2 polar bears
  Prince Ribbit (D:7)
  A wolf spider simulacrum (Gauntlet)
  3 slime creatures
  5 blink frogs (Lair:3)
  2 centaur simulacra (Gauntlet)
  A jumping spider (Lair:2)
  A shadow (D:11)
  A wyvern (Lair:4)
  17 yaks
  A steam dragon (Lair:4)
  3 basilisks
  2 vampire mosquitoes (D:10)
  A warg (D:10)
  6 water moccasins
  6 orc warriors
  8 ogres
  A black bear (D:4)
  An ice dragon simulacrum (Gauntlet)
  8 wolves
  5 centaurs
  2 kobold brigands (D:10)
  5 bullfrogs
  5 gnoll sergeants (D:10)
  A necrophage (D:6)
  6 wights
  19 killer bees
  6 howler monkeys
  5 electric eels
  2 lava snakes (Lair:3)
  2 jellies
  4 orc priests
  A gnoll bouda (D:7)
  10 iguanas
  10 orc wizards
  A boggart simulacrum (Gauntlet)
  An adder (D:3)
  8 gnolls
  A shadow imp (D:6)
  2 worms (D:3)
  3 dart slugs
  34 orcs
  5 ball pythons
  6 bats
  6 endoplasms
  A giant cockroach (D:1)
  10 goblins
  8 hobgoblins
  3 jackals
  3 quokkas
  3 frilled lizards
  12 kobolds
  6 rats
316 creatures vanquished.

Vanquished Creatures (collateral kills)
  An ogre mage (Orc:2)
  A hydra (Lair:4)
  A death yak (Lair:1)
  3 two-headed ogres
  Nergalle (Lair:1)
  An orc knight (Bailey)
  8 orc sorcerers
  2 elephants (Lair:2)
  2 cane toads (Lair:4)
  An ice statue (D:9)
  A rust devil (Gauntlet)
  2 unseen horrors (D:11)
  4 komodo dragons
  2 kobold demonologists (D:10)
  A meliai (Lair:4)
  A troll (D:10)
  A hornet (D:8)
  A polar bear (Lair:3)
  3 wraiths
  6 yaks
  A wyvern (Lair:2)
  Grum (D:8)
  A warg (Orc:1)
  A water moccasin (Lair:2)
  An ice beast (D:5)
  A black bear (D:6)
  6 ogres
  13 orc warriors
  5 wolves
  A centaur (D:6)
  3 bullfrogs
  2 kobold brigands
  A necrophage (D:5)
  A scorpion (D:5)
  2 wights (D:8)
  16 killer bees
  An electric eel (Bailey)
  4 howler monkeys
  A lava snake (Lair:3)
  A hound (D:4)
  A jelly (D:7)
  4 orc priests
  An iron imp (Gauntlet)
  2 iguanas
  Ijyb (D:4)
  14 orc wizards
  3 gnolls
  3 adders (D:5)
  A shadow imp (D:4)
  A white imp (D:6)
  23 orcs
  4 ball pythons (D:4)
  2 goblins
  5 hobgoblins (Bailey)
  2 jackals (D:4)
  3 kobolds (D:8)
176 creatures vanquished.

Vanquished Creatures (others)
  A killer bee (Lair:4)
  17 battlemagi
  11 fungi
  40 plants
  11 withered plants (Gauntlet)
80 creatures vanquished.

Grand Total: 572 creatures vanquished

Notes
Turn   | Place    | Note
-------+----------+-------------------------------------------
     0 | D:1      | Pooter the Minotaur Monk began the quest for the Orb.
     0 | D:1      | Reached XP level 1. HP: 19/19 MP: 0/0
   185 | D:1      | Reached XP level 2. HP: 27/27 MP: 1/1
   408 | D:1      | Reached XP level 3. HP: 33/33 MP: 2/2
   416 | D:1      | Found a faded altar of an unknown god.
  1579 | D:3      | Reached skill level 5 in Polearms
  1579 | D:3      | Reached XP level 4. HP: 38/41 MP: 3/3
  1776 | D:3      | Found a sparkling altar of Nemelex Xobeh.
  2279 | D:4      | Noticed a black bear
  2285 | D:4      | Killed a black bear
  2286 | D:4      | Reached skill level 2 in Axes
  2286 | D:4      | Reached XP level 5. HP: 36/47 MP: 4/4
  2343 | D:4      | Reached skill level 5 in Fighting
  2343 | D:4      | Reached skill level 3 in Axes
  2437 | D:4      | Found a hazy altar of Hepliaklqana.
  2450 | D:4      | Became a worshipper of Hepliaklqana the Forgotten
  2450 | D:4      | Reached * piety under Hepliaklqana
  2450 | D:4      | Reached ** piety under Hepliaklqana
  2451 | D:4      | Remembered your ancestor Bozena as a battlemage
  2625 | D:4      | Found a sacrificial altar of Ru.
  2659 | D:4      | Reached skill level 4 in Axes
  2675 | D:4      | Noticed Ijyb
  2679 | D:4      | Killed Ijyb
  2680 | D:4      | Reached XP level 6. HP: 35/50 MP: 5/5
  2766 | D:4      | Found a staircase to the Ecumenical Temple.
  3234 | D:5      | Entered Level 5 of the Dungeon
  3423 | D:5      | Reached skill level 5 in Axes
  3487 | D:5      | Noticed a hornet
  3491 | D:5      | Killed a hornet
  3492 | D:5      | Reached skill level 1 in Invocations
  3492 | D:5      | Reached skill level 1 in Evocations
  3492 | D:5      | Reached XP level 7. HP: 56/56 MP: 5/7
  3611 | D:5      | Reached skill level 6 in Axes
  3647 | D:5      | Found a blossoming altar of Fedhas.
  3924 | D:5      | Reached skill level 7 in Axes
  3924 | D:5      | Reached XP level 8. HP: 61/63 MP: 8/8
  4029 | D:5      | Reached *** piety under Hepliaklqana
  4046 | D:5      | Identified the +2 short sword of Mana {vorpal, rElec rC+
                  | rN+}
  4311 | D:6      | Reached skill level 1 in Ranged Weapons
  4921 | D:7      | Reached skill level 8 in Axes
  5185 | D:7      | Reached XP level 9. HP: 55/71 MP: 10/10
  5412 | D:7      | Noticed Prince Ribbit
  5420 | D:7      | Killed Prince Ribbit
  5431 | D:7      | Found a stormy altar of Qazlal.
  5437 | D:7      | Reached **** piety under Hepliaklqana
  6149 | D:8      | Reached skill level 9 in Axes
  6202 | D:8      | Found a glowing silver altar of Zin.
  6260 | D:8      | You fall into a shaft and drop 1 floor!
  6305 | D:9      | Found a flagged portal.
  6343 | D:9      | Reached skill level 5 in Ranged Weapons
  6381 | Bailey   | Entered a bailey
  6753 | Bailey   | Noticed an orc knight
  6758 | Bailey   | Killed an orc knight
  6759 | Bailey   | Reached skill level 10 in Axes
  6759 | Bailey   | Reached XP level 10. HP: 80/81 MP: 12/12
  6760 | Bailey   | Reached skill level 5 in Invocations
  6887 | Bailey   | Noticed an orc sorcerer
  6891 | Bailey   | Found an iron altar of Okawaru.
  6891 | Bailey   | Noticed a sun demon
  6896 | Bailey   | Killed an orc sorcerer
  6923 | Bailey   | Identified the +2 leather armour "Vossaucw" {rC+ Str+4
                  | Dex+2 Stlth+}
  6959 | Bailey   | Identified the +8 sling of the Original Sin {flame, Int+5
                  | Dex-4}
  6993 | Bailey   | Acquired the amulet "Wiuzuelel" {Reflect rN+ SH+5}
  7299 | D:9      | Noticed an ice statue
  7306 | D:9      | Reached skill level 5 in Evocations
  7333 | D:9      | Reached skill level 11 in Axes
  7713 | D:9      | Killed an ice statue
  8014 | D:10     | Entered Level 10 of the Dungeon
  8052 | D:10     | Reached ***** piety under Hepliaklqana
  8114 | D:10     | Found a white marble altar of Elyvilon.
  8201 | D:10     | Identified the +12 war axe of Wyaselokh {elec, rC+ Int+5}
  8217 | D:10     | Found a staircase to the Orcish Mines.
  8226 | D:10     | Reached XP level 11. HP: 23/87 MP: 14/14
  9052 | Orc:1    | Entered Level 1 of the Orcish Mines
  9052 | Orc:1    | Noticed an orc sorcerer
  9052 | Orc:1    | Noticed an orc sorcerer
  9052 | Orc:1    | Found Ogiewk's Magic Scroll Emporium.
  9065 | D:10     | Killed an orc sorcerer
  9284 | D:10     | Killed an orc sorcerer
  9335 | Orc:1    | Noticed Harold
  9386 | D:10     | Killed Harold
  9387 | D:10     | Reached skill level 12 in Axes
  9843 | Orc:1    | Bought a scroll of blinking for 97 gold pieces
  9843 | Orc:1    | Bought a scroll of enchant weapon for 97 gold pieces
  9843 | Orc:1    | Bought a scroll of magic mapping for 97 gold pieces
  9843 | Orc:1    | Bought a scroll of enchant weapon for 97 gold pieces
 10093 | Orc:2    | Entered Level 2 of the Orcish Mines
 10182 | Orc:2    | Noticed an orc sorcerer
 10187 | Orc:2    | Killed an orc sorcerer
 10633 | Orc:2    | Found a staircase to the Elven Halls.
 10733 | Orc:2    | Found a radiant altar of Vehumet.
 10876 | Orc:2    | Noticed an orc sorcerer
 10878 | Orc:2    | Killed an orc sorcerer
 11453 | Orc:2    | Found a radiant altar of Vehumet.
 11453 | Orc:2    | Noticed an orc sorcerer
 11453 | Orc:2    | Noticed an orc sorcerer
 11453 | Orc:2    | Noticed an ogre mage
 11459 | Orc:2    | Killed an ogre mage
 11460 | Orc:2    | Reached skill level 10 in Fighting
 11463 | Orc:2    | Noticed a sun demon
 11507 | Orc:2    | Killed an orc sorcerer
 12856 | Orc:2    | Found Porum's Distillery.
 12870 | Orc:2    | Noticed an orc sorcerer
 12885 | Orc:2    | Killed an orc sorcerer
 12906 | Orc:2    | Noticed an ogre mage
 12911 | Orc:2    | Paralysed by an ogre mage for 3 turns
 12914 | Orc:2    | Killed an ogre mage
 12924 | Orc:2    | Noticed an orc sorcerer
 12941 | Orc:2    | Killed an orc sorcerer
 13043 | Orc:2    | Killed an orc sorcerer
 13044 | Orc:2    | Reached skill level 10 in Ranged Weapons
 13052 | Orc:2    | Found Vuomnul's Book Shoppe.
 13053 | Orc:2    | Noticed an orc sorcerer
 13057 | Orc:2    | Killed an orc sorcerer
 13057 | Orc:2    | Noticed an orc sorcerer
 13060 | Orc:2    | Killed an orc sorcerer
 13061 | Orc:2    | Reached skill level 13 in Axes
 13061 | Orc:2    | Reached XP level 12. HP: 75/96 MP: 16/16
 13154 | Orc:2    | Found Ymelux's Antique Armour Shoppe.
 13182 | Orc:2    | Found Usiuffol's Antique Armour Emporium.
 13199 | Orc:2    | Bought a pair of masterwork boots for 152 gold pieces
 13199 | Orc:2    | Identified the +0 pair of boots of Grace {rF+++ Regen+
                  | Int-2 SInv} (You bought it in a shop on level 2 of the
                  | Orcish Mines)
 13219 | Orc:2    | Found an ancient bone altar of Kikubaaqudgha.
 13243 | Orc:2    | Bought 2 potions of mutation for 192 gold pieces
 13243 | Orc:2    | Bought a potion of heal wounds for 60 gold pieces
 13243 | Orc:2    | Bought a potion of curing for 36 gold pieces
 13243 | Orc:2    | Bought a potion of flight for 36 gold pieces
 13243 | Orc:2    | Bought a potion of lignification for 36 gold pieces
 13550 | D:10     | Noticed a two-headed ogre
 13553 | D:10     | Killed a two-headed ogre
 13975 | D:11     | Found a transporter.
 13979 | D:11     | Noticed a centaur warrior
 13979 | D:11     | Noticed Alacron's ghost (novice MiBe)
 14005 | D:11     | Noticed a two-headed ogre
 14012 | D:11     | Killed a two-headed ogre
 14188 | D:11     | Noticed a two-headed ogre
 14191 | D:11     | Killed a two-headed ogre
 14231 | D:11     | Noticed a two-headed ogre
 14271 | D:11     | Found a transporter.
 14433 | D:8      | Noticed Grum
 14440 | D:9      | Reached skill level 14 in Axes
 14498 | D:8      | Killed Grum
 14593 | D:8      | Found a staircase to the Lair.
 14607 | D:8      | Noticed Joseph
 14613 | D:8      | Killed Joseph
 15046 | D:8      | Noticed a two-headed ogre
 15049 | D:8      | Killed a two-headed ogre
 15522 | Lair:1   | Entered Level 1 of the Lair of Beasts
 15589 | Lair:1   | Noticed Nergalle
 15595 | Lair:1   | Killed Nergalle
 15670 | Lair:1   | Noticed Gastronok
 15679 | Lair:1   | Killed Gastronok
 15680 | Lair:1   | Reached XP level 13. HP: 70/104 MP: 18/18
 16430 | Lair:2   | Found a staircase to the Shoals.
 16475 | Lair:2   | Found a gate leading to a gauntlet.
 16486 | Lair:2   | Reached skill level 15 in Axes
 16506 | Gauntlet | Entered a Gauntlet
 16506 | Gauntlet | Found a transporter.
 16506 | Gauntlet | Found a transporter.
 16506 | Gauntlet | Found a transporter.
 16507 | Gauntlet | Found a transporter.
 16510 | Gauntlet | Found a transporter.
 16511 | Gauntlet | Found a transporter.
 16532 | Gauntlet | Found a large runed translucent door.
 16532 | Gauntlet | Found a large runed translucent door.
 16533 | Gauntlet | Found a large runed translucent door.
 16533 | Gauntlet | Found a large runed translucent door.
 16540 | Gauntlet | Found a runed translucent door.
 16540 | Gauntlet | Found a runed translucent door.
 16540 | Gauntlet | Found a large runed translucent door.
 16540 | Gauntlet | Found a large runed translucent door.
 16540 | Gauntlet | Found a large runed translucent door.
 16540 | Gauntlet | Found a large runed translucent door.
 16540 | Gauntlet | Found a large runed translucent door.
 16540 | Gauntlet | Found a large runed translucent door.
 16541 | Gauntlet | Found a large runed translucent door.
 16541 | Gauntlet | Found a large runed translucent door.
 16542 | Gauntlet | Found a large runed translucent door.
 16542 | Gauntlet | Found a large runed translucent door.
 16542 | Gauntlet | Found a large runed translucent door.
 16542 | Gauntlet | Found a large runed translucent door.
 16543 | Gauntlet | Found a runed translucent gate.
 16543 | Gauntlet | Found a runed translucent gate.
 16543 | Gauntlet | Found a runed translucent gate.
 16544 | Gauntlet | Found a transporter.
 16549 | Gauntlet | Found a transporter.
 16562 | Gauntlet | Identified the +9 broad axe of Chaos {speed, rN++ Int-2}
 16567 | Gauntlet | Identified the ring of Ijuusoakh {rF+ rC+ Dex-3 SInv}
 16567 | Gauntlet | Noticed a reaper
 16574 | Gauntlet | Found a transporter.
 16631 | Gauntlet | Noticed a minotaur
 16639 | Gauntlet | Killed a minotaur
 16849 | Lair:2   | Found a hole to the Spider Nest.
 17910 | Lair:3   | Got Sif Muna's Omnibus of Superposition
 18501 | Lair:4   | Found a staircase to the Slime Pits.
 18531 | Lair:3   | Reached XP level 14. HP: 44/113 MP: 18/20
 18537 | Lair:3   | Reached skill level 16 in Axes
 18619 | Lair:4   | Reached ****** piety under Hepliaklqana
 18791 | Lair:4   | HP: 5/114 [lindwurm/blast of flame (2)]
 18796 | Lair:4   | HP: 5/114 [poisoned by a black mamba]
 18821 | Lair:4   | Mangled by a cane toad

Illustrated notes

Levels and vault maps discovered:
D:1:      mainiacjoe_arrival_reflecting_pool, layout_basic,
          basic_ecumenical_altar
D:2:      layout_basic
D:3:      cheibrodos_helix_gallery, layout_basic, pf_just_have_faith
D:4:      layout_basic, nicolae_overflow_crystal_walls,
          nicolae_ru_path_of_blood, temple_doors_e, uniq_ijyb
D:5:      layout_loops_ring, kennysheep_mini_moat
D:6:      layout_basic
D:7:      layout_loops_cross, overflow_temple_1_default, uniq_prince_ribbit1
D:8:      layout_layer_cave, zin_statuary, dpeg_oklobed_lair,
          nicolae_looking_at_the_future, uniq_joseph, uniq_grum
D:9:      layout_cave_pools, enter_bailey_5, minivault_16
D:10:     layout_long_grid, elyvilon_altar_4,
          kennysheep_orc_monster_closet_entryway
D:11:     layout_long_grid, nzn_ghost_randoct
Lair:1:   layout_roguey, uniq_gastronok, uniq_nergalle
Lair:2:   hellmonk_ruined_rings, layout_chaotic_city, elwin_shoals_entry_rocks,
          spider_nest_entry_a, gauntlet_entry_generic
Lair:3:   beast_lair_carwin_large_3, layout_cave_pods,
          nicolae_lair_liquid_snakes, lemuel_fruit_tree
Lair:4:   regret_index_bee_streams, layout_regular_city,
          minmay_slime_entry_pillars, infiniplex_staircase_pool_2
Orc:1:    layout_diamond_mine, serial_shops, nicolae_shop_statue_plus,
          uniq_harold
Orc:2:    kennysheep_orc_mage_school, layout_caves, basic_altar

Skill      XL: |  1  2  3  4  5  6  7  8  9 10 11 12 13 14 |
---------------+-------------------------------------------+-----
Polearms       | 4 5 |  5.0
Fighting       | 4 5 6 7 8 9 10 11 12 | 12.5
Stealth        | 2 |  2.3
Axes           | 2 4 5 7 8 10 11 13 14 15 16 | 16.2
Invocations    | 1 2 3 4 6 7 8 9 |  9.5
Evocations     | 1 2 3 4 5 6 7 8 |  8.8
Ranged Weapons | 3 6 8 10 11 13 | 13.7
Dodging        | |  3.2

Action                   |  1- 3 |  4- 6 |  7- 9 | 10-12 | 13-15 || total
-------------------------+-------+-------+-------+-------+-------++-------
Melee: Spear             |   105 |     1 |       |       |       ||   106
       Headbutt          |     9 |     4 |     6 |    26 |    51 ||    96
       Punch             |     1 |       |       |       |     1 ||     2
       War axe           |       |    38 |       |    87 |    73 ||   198
       Battleaxe         |       |    13 |    73 |    26 |    97 ||   209
       Halberd           |       |       |     1 |       |       ||     1
       Broad axe         |       |       |       |       |    62 ||    62
 Fire: Shortbow          |       |       |    75 |    38 |       ||   113
       Arbalest          |       |       |       |   172 |    74 ||   246
Throw: Dart              |     9 |     9 |     9 |       |     7 ||    34
       Stone             |     1 |       |       |       |       ||     1
       Boomerang         |       |       |     2 |    10 |     1 ||    13
Invok: Ancestor Life: Ba |       |     1 |       |       |       ||     1
       Ancestor Identity |       |     1 |       |       |       ||     1
       Recall Ancestor   |       |       |     1 |       |       ||     1
       Idealise          |       |       |       |     1 |       ||     1
Evoke: Wand              |       |       |    13 |    13 |     9 ||    35
  Use: Scroll            |       |     5 |     5 |    16 |     7 ||    33
       Potion            |       |       |       |     3 |     5 ||     8
 Stab: Sleeping          |     4 |     1 |       |       |       ||     5
       Distracted        |       |       |     4 |     1 |     4 ||     9
       Paralysed         |       |       |     3 |       |       ||     3
Armor: Robe              |     4 |       |       |       |       ||     4
       Ring mail         |     8 |    25 |       |       |       ||    33
       Chain mail        |       |     2 |    58 |       |       ||    60
       Plate armour      |       |       |     7 |   139 |   117 ||   263
Dodge: Dodged            |    34 |    41 |    48 |    45 |    62 ||   230
       Repelled          |       |       |       |     4 |       ||     4
Block: Other             |       |       |       |    55 |    44 ||    99
       Reflection        |       |       |       |     3 |       ||     3

Table legend: (Time is in decaauts)
 A = Elapsed time spent in this place.
 B = Non-inter-level travel time spent in this place.
 C = Inter-level travel time spent in this place.
 D = Time resting spent in this place.
 E = Time spent auto-exploring this place.
 F = Levels seen in this place.
 G = Mean time per level.
                   A        B        C        D        E       F      G
               +--------+--------+--------+--------+--------+-----+--------+
         Total |  19030 |  18487 |    543 |   5872 |   8896 |  19 | 1001.6 |
       Dungeon |  10883 |  10555 |    328 |   2593 |   6247 |  11 |  989.4 |
          Lair |   3078 |   3017 |     61 |    388 |   1934 |   4 |  769.5 |
  Orcish Mines |   3989 |   3836 |    153 |   2549 |    409 |   2 | 1994.5 |
        Bailey |    897 |    897 |      0 |    270 |    305 |   1 |  897.0 |
      Gauntlet |    181 |    181 |      0 |     70 |      0 |   1 |  181.0 |
               +--------+--------+--------+--------+--------+-----+--------+

Top non-repeatable levels by time:
   Orc:2: 3201 daAuts
    D:10: 1928 daAuts
     D:8: 1297 daAuts
  Lair:3: 1220 daAuts
     D:7: 1179 daAuts
     D:4: 1132 daAuts
     D:9: 995 daAuts
  Bailey: 897 daAuts
     D:3: 880 daAuts
  Lair:1: 849 daAuts
     D:5: 825 daAuts
  Lair:2: 795 daAuts
   Orc:1: 788 daAuts
     D:2: 734 daAuts
     D:6: 690 daAuts
